 Dungeon Crawl Stone Soup version 0.31.0-11-ge490571c62 (webtiles) character file.

Game seed: 1566533655539463608

54 browni3141 the Trooper (level 3, -4/33 HPs)
             Began as a Minotaur Fighter on Jan 29, 2024.
             Killed by nerve-wracking pain
             ... invoked by Jessica
              (7 damage)
             ... on level 2 of the Dungeon.
             The game lasted 00:00:23 (640 turns).

browni3141 the Trooper (Minotaur Fighter)            Turns: 640, Time: 00:00:24

Health: -4/33      AC:  7    Str: 22    XL:     3   Next: 66%
Magic:  2/2        EV:  9    Int:  5    God:
Gold:   39         SH:  4    Dex:  9    Spells: 2/2 levels left

rFire   . . .        a - +0 war axe
rCold   . . .        c - +0 buckler
rNeg    . . .        b - +0 scale mail
rPois   .            (helmet restricted)
rElec   .            (no cloak)
rCorr   .            (no gloves)
SInv    .            (no boots)
Will    .....        (no amulet) Stlth
                     (no ring)
HPRegen 0.25/turn    (no ring)
MPRegen 0.08/turn

%: no passive effects
@: slowed, very slow
A: horns 2, retaliatory headbutt
a: no special abilities


You were on level 2 of the Dungeon.
You visited 1 branch of the dungeon, and saw 2 of its levels.

You collected 39 gold pieces.

Inventory:

Hand Weapons
 a - a +0 war axe (weapon)
Armour
 b - a +0 scale mail (worn)
 c - a +0 buckler (worn)
Jewellery
 h - a ring of see invisible
Scrolls
 e - a scroll of noise {unknown}
 i - a scroll of blinking {unknown}
 j - a scroll of revelation {unknown}
Potions
 d - a potion of might
 f - 2 potions of curing {unknown}
 g - a potion of heal wounds {unknown}


   Skills:
 + Level 4.1 Fighting
 * Level 3.6 Axes
 + Level 4.1 Armour
 + Level 4.1 Shields


You had 2 spell levels left.
You didn't know any spells.
Your spell library was empty.

Dungeon Overview and Level Annotations

Branches:
Dungeon (2/15)

Altars:

Annotations:
D:2 Jessica


Innate Abilities, Weirdness & Mutations

You have a pair of horns on your head.
You reflexively headbutt those who attack you in melee.


Message History

A kobold comes into view. It is wielding a +0 short sword.
Your Shields skill increases to level 4!
You have reached level 3!
Your experience leads to an increase in your attributes!
Increase (S)trength, (I)ntelligence, or (D)exterity?
You feel stronger. x2
A kobold is nearby!
A kobold is nearby!
The kobold throws a stone.
The stone misses you.
Things that are here:
10 gold pieces; a +0 short sword A kobold is nearby!
The kobold hits you but does no damage.
You closely miss the kobold. Your headbutt misses the kobold.
The kobold barely misses you.
A kobold is nearby!
You hit the kobold.
The kobold is severely wounded.
The kobold hits you but does no damage. x2
You closely miss the kobold.
The kobold is moderately wounded.
The kobold hits you with a +0 short sword.
A kobold is nearby!
You barely miss the kobold. Your headbutt misses the kobold.
The kobold is moderately wounded.
The kobold hits you but does no damage.
You hit the kobold but do no damage.
The kobold is moderately wounded.
The kobold closely misses you. x2
A kobold is nearby!
You slash the kobold!
You kill the kobold!
HP restored.
You now have 39 gold pieces (gained 10).
You see here a +0 short sword.
Key pressed, stopping explore.
No target in view!
No target in view!
h - a ring of see invisible No target in view!
Things that are here:
a +0 leather armour; 3 poisoned darts
Found a stone staircase leading up.
No target in view!
i - a scroll labelled LOQEYHUCAE No target in view!
j - a scroll labelled INEHIMUAQA Key pressed, stopping explore.
No target in view!
Natasha, Servant of Life and Death comes into view.
Natasha hisses angrily.
You hear a shout!
Jessica the Apprentice Sorceress comes into view.
She is wielding a +0 club.
You hear a shout!
Natasha claws you.
There are monsters nearby!
You closely miss Natasha. Your headbutt misses Natasha.
A giant cockroach comes into view.
Natasha stares at you and mumbles some strange words.
You feel yourself slow down. Natasha claws you but does no damage.
The giant cockroach moves out of view.
Natasha stares at you and mumbles some strange words.
You resist with significant effort.
There are monsters nearby!
You block Natasha's attack. Natasha claws you.
Natasha stares at you and mumbles some strange words.
The magic dart hits you.
There are monsters nearby!
Natasha casts a spell at you.
You feel as though you will be slow longer.
Natasha claws you! Natasha attacks as she pursues you! Natasha claws you.
You slash Natasha!
Natasha is severely wounded.
Natasha claws you.
Jessica mumbles some strange words.
Jessica seems to speed up.
Natasha claws you but does no damage.
There are monsters nearby!
You closely miss Natasha.
Natasha is severely wounded.
You hit Jessica. Jessica hits you with a +0 club. Natasha claws you!
Jessica hits you with a +0 club. You block Natasha's attack.
Jessica hits you but does no damage.
There are monsters nearby!
You slash Natasha!
You kill Natasha!
Natasha growls in agony!
You closely miss Jessica. Jessica hits you with a +0 club.
You block Jessica's attack.
A goblin comes into view. It is wielding a +0 club.
Jessica gestures wildly while chanting.
Jessica blinks!
Your Fighting skill increases to level 4!
Jessica points at you and mumbles some strange words.
Pain shoots through your body! Jessica gestures at you while chanting.
You resist with some effort. Jessica hits you with a +0 club.
You block the goblin's attack. Jessica casts a spell at you.
Pain shoots through your body!
You die...

# #.# ..#+## #.# .....
.<# #.#.# #.# #!...###
#.# # #...######.#.#
#.......##.#.#####
#######.####...........
.......@.# ####.#.#####
......@g...# #.# #
.............##.#+######
...........#.##.........
..........## ##[........
.......B..##. #.........
..........##..#.#+###...
..........#.....#.###...
#.##......#...


You could see Jessica (fast), a giant cockroach and a goblin.

Vanquished Creatures
  Natasha (D:2)
  A dart slug (D:1)
  2 bats (D:1)
  An endoplasm (D:1)
  A giant cockroach (D:1)
  2 goblins (D:1)
  A hobgoblin (D:1)
  4 jackals (D:1)
  A quokka (D:1)
  4 ball pythons (D:1)
  2 frilled lizards (D:1)
  5 kobolds
  2 rats (D:1)
27 creatures vanquished.

Notes
Turn   | Place    | Note
-------+----------+-------------------------------------------
     0 | D:1      | browni3141 the Minotaur Fighter began the quest for the
                  | Orb.
     0 | D:1      | Reached XP level 1. HP: 19/19 MP: 0/0
    73 | D:1      | Reached XP level 2. HP: 27/27 MP: 1/1
   561 | D:2      | Reached XP level 3. HP: 33/33 MP: 2/2
   627 | D:2      | Noticed Natasha
   627 | D:2      | Noticed Jessica
   637 | D:2      | Killed Natasha
   640 | D:2      | Killed from afar by Jessica

Illustrated notes

Levels and vault maps discovered:
D:1:      elethiomel_arrival_shortcut, layout_rooms
D:2:      layout_basic, uniq_natasha, uniq_jessica

Skill      XL: |  1  2  3 |
---------------+----------+-----
Axes           | 3 |  3.6
Armour         | 4 |  4.1
Shields        | 4 |  4.1
Fighting       | 4 |  4.1

Action                     || total
---------------------------++-------
  Melee: War axe           ||    62
         Headbutt          ||     5
 Armour: Scale mail        ||    68
  Dodge: Dodged            ||    34
  Block: Buckler           ||    22
